Map: Stargazers

Players

SpeCial

  • Race: Terran Terran
  • Spawn Location: 11:00

ShoWTimE - Winner!

  • Race: Protoss Protoss
  • Spawn Location: 1:00

Event: DreamHack SC2 Masters 2022 Atlanta (Offline)

VOD

Have the link to the VOD?

Description

Time

  • Played on: Nov. 18, 2022, 5:44 p.m.
  • Length: 5:37

All games in this series

Show
View Real Time Build Order
Export as new Build Order

SpeCial Terran 

Build Orders: 1/1/1 

Get SALT Encoding   

  12  0:00  SCV  
  13  0:12  SCV  
  14  0:17  Supply Depot  
  14  0:24  SCV  
  15  0:38  SCV  
  15  0:40  Barracks  
  16  0:43  Refinery  
  16  0:50  SCV  
  16  0:52  Refinery  
  17  1:03  SCV  
  18  1:15  SCV  
  19  1:26  Supply Depot  
  19  1:28  Reaper, Orbital Command  
  20  1:44  Factory  
  20  1:54  SCV  
  21  2:00  Barracks Reactor  
  21  2:06  SCV  
  22  2:18  SCV  
  22  2:21  Command Center  
  23  2:29  Starport  
  23  2:31  SCV  
  23  2:36  Marine x2  
  26  2:43  Hellion  
  28  2:49  Supply Depot  
  28  2:50  SCV  
  29  2:54  Marine  
  29  2:55  Marine  
  31  3:10  SCV, Medivac  
  31  3:11  Widow Mine  
  36  3:13  Marine x2  
  38  3:22  SCV  
  39  3:32  Marine x2  
  41  3:35  SCV, Factory Tech Lab  
  41  3:36  Orbital Command  
  41  3:40  Starport Tech Lab  
  42  3:44  Orbital Command  
  42  3:50  Marine x2  
  42  3:54  Cyclone  
  47  3:58  SCV  
  48  4:07  Banshee  
  48  4:08  Marine x2  
  48  4:09  SCV  
  52  4:10  SCV  
  53  4:18  Supply Depot  
  53  4:22  SCV  
  54  4:26  SCV  
  54  4:42  Cyclone, SCV x2, Marine x2  
  60  4:54  SCV x2  
  61  5:00  Marine  
  61  5:05  Marine  
  61  5:06  SCV  
  61  5:07  SCV  
  61  5:10  Supply Depot  
  62  5:32  Supply Depot  
Show
View Real Time Build Order
Export as new Build Order

ShoWTimE Protoss - Winner!

Build Orders: 1 Gate Expand, Phoenix Opening 

Get SALT Encoding   

  12  0:00  Probe  
  13  0:12  Probe  
  14  0:17  Pylon  
  14  0:24  Probe  
  15  0:35  Gateway  
  15  0:36  Probe (Chrono Boost)  
  16  0:45  Probe (Chrono Boost)  
  16  0:46  Assimilator  
  17  0:51  Probe (Chrono Boost)  
  18  1:03  Probe  
  19  1:15  Probe  
  20  1:23  Nexus  
  20  1:32  Cybernetics Core  
  20  1:34  Probe  
  20  1:39  Assimilator  
  21  1:46  Probe  
  22  1:49  Pylon  
  22  1:58  Probe  
  23  2:06  Adept (Chrono Boost)  
  23  2:10  Probe  
  26  2:17  Stargate  
  27  2:22  Probe  
  27  2:26  Adept (Chrono Boost)  
  29  2:30  Warp Gate  
  29  2:34  Probe  
  29  2:35  Probe  
  31  2:46  Shield Battery, Adept (Chrono Boost)  
  31  2:47  Probe  
  35  2:51  Probe  
  35  2:59  Probe  
  35  3:03  Probe  
  37  3:06  Phoenix (Chrono Boost)  
  37  3:11  Probe  
  39  3:15  Probe  
  39  3:18  Pylon  
  42  3:23  Probe  
  42  3:25  Phoenix (Chrono Boost)  
  43  3:27  Probe  
  44  3:35  Probe  
  44  3:38  Gateway  
  44  3:39  Probe  
  46  3:44  Phoenix (Chrono Boost)  
  46  3:47  Probe  
  49  3:51  Probe  
  49  3:55  Assimilator  
  50  3:58  Assimilator, Pylon  
  50  3:59  Probe  
  50  4:01  Phoenix  
  53  4:07  Shield Battery  
  53  4:08  Probe  
  54  4:14  Robotics Facility  
  54  4:16  Probe  
  55  4:25  Probe  
  55  4:26  Phoenix (Chrono Boost)  
  58  4:32  Probe  
  58  4:37  Adept, Probe  
  62  4:47  Pylon  
  62  4:54  Pylon  
  62  4:55  Pylon  
  62  5:00  Shield Battery  
  62  5:03  Phoenix  
  62  5:05  Observer, Probe x2  
  67  5:10  Stalker  
  69  5:16  Shield Battery, Stalker  
  69  5:17  Probe  
  72  5:25  Probe  
  72  5:26  Robotics Bay  
  73  5:34  Stalker  
Tags
 
Add a new tag
Caveats
  • Supply blocks, unpowered buildings, or Contaminate may cause inaccurate times.
  • Supply counts are checked every 10 seconds.